 Dungeon Crawl Stone Soup version 0.30.1-4-g462c640d31 (webtiles) character file.

Game seed: 6524607132396709625

749 Anriel the Cudgeller (level 8, -3/60 HPs)
             Began as a Human Fighter on Aug 18, 2023.
             Was a Follower of Okawaru.
             Slain by a troll (8 damage)
             ... on level 6 of the Dungeon.
             The game lasted 00:21:16 (4877 turns).

Anriel the Cudgeller (Human Fighter)                Turns: 4877, Time: 00:21:17

Health: -3/60      AC: 12    Str: 18    XL:     8   Next: 6%
Magic:  10/10      EV: 11    Int: 10    God:    Okawaru [*.....]
Gold:   404        SH:  4    Dex: 12    Spells: 7/7 levels left

rFire   + . .        a - +0 flail
rCold   . . .        c - +0 buckler
rNeg    . . .        i - +6 ring mail "Kah Baud" {rF+}
rPois   .            k - +0 helmet
rElec   .            (no cloak)
rCorr   .            (no gloves)
SInv    .            (no boots)
Will    .....        (no amulet)
Stlth   +            (no ring)
HPRegen 0.30/turn    (no ring)
MPRegen 0.12/turn

%: no passive effects
@: no status effects
A: no striking features
a: Renounce Religion, Heroism


You were on level 6 of the Dungeon.
You worshipped Okawaru.
Okawaru was aware of your devotion.
You visited 2 branches of the dungeon, and saw 7 of its levels.

You collected 404 gold pieces.

Inventory:

Hand Weapons
 a - a +0 flail (weapon)
Armour
 c - a +0 buckler (worn)
 i - the +6 ring mail "Kah Baud" (worn) {rF+}
   (You found it on level 2 of the Dungeon)

   rF:        It protects you from fire.
 k - a +0 helmet (worn)
Wands
 j - a wand of flame (17)
 l - a wand of light (2)
Scrolls
 n - a scroll of fear
Potions
 b - a potion of brilliance {unknown}
 d - 2 potions of might
 e - a potion of flight
 f - 2 potions of invisibility
 g - a potion of resistance
 h - a potion of curing
 o - a potion of attraction {unknown}
 p - a potion of lignification {unknown}
 q - a potion of haste {unknown}
 r - a potion of mutation {unknown}


   Skills:
 + Level 3.6 Fighting
 * Level 4.2 Maces & Flails
 - Level 3.0 Throwing
 + Level 3.6 Armour
 - Level 3.0 Dodging
 - Level 3.0 Shields
 - Level 3.3 Invocations
 - Level 3.2 Evocations


You had 7 spell levels left.
You didn't know any spells.
Your spell library contained the following spells:

 Spells                   Type           Power      Damage    Failure   Level
 Blink                    Tloc           0%         N/A       77%         2
 Ensorcelled Hibernation  Hex/Ice        0%         N/A       77%         2
 Lesser Beckoning         Tloc           0%         N/A       77%         2
 Momentum Strike          Conj/Tloc      0%         3d8       77%         2
 Spider Form              Tmut/Pois      0%         N/A       94%         3
 Anguish                  Hex/Necr       0%         N/A       100%        4
 Manifold Assault         Tloc           0%         N/A       100%        4
 Passage of Golubria      Tloc           0%         N/A       100%        4
 Yara's Violent Unravell  Hex/Tmut       0%         3d3       100%        5
 Storm Form               Tmut/Air       0%         N/A       100%        7
 Tukima's Dance           Hex            Unusable   N/A       N/A         3

Dungeon Overview and Level Annotations

Branches:
Dungeon (6/15)             Temple (1/1) D:4

Altars:
Ashenzari
Cheibriados
Dithmenos
Elyvilon
Fedhas
Gozag
Hepliaklqana
Kikubaaqudgha
Makhleb
Nemelex Xobeh
Okawaru
Qazlal
Ru
Sif Muna
Trog
Uskayaw
Vehumet
Xom
Yredelemnul
Zin
The Shining One

Shops:
D:1 :

Annotations:
D:6 Maggie


Message History

The troll is moderately wounded.
The troll struggles against the net.
You barely miss the troll.
The troll is lightly wounded.
The troll struggles against the net.
You hit the troll.
The troll is moderately wounded.
The troll struggles against the net. x2
The net rips apart, and the troll comes free!
Aiming: Bolt of Light
Press: ? - help, Shift-Dir - straight line, f/p - troll
Aim: a troll (moderately wounded, 74% to hit)
The bolt of light hits the troll!
The troll is heavily wounded.
The troll is blinded.
The troll closely misses you. The troll barely misses you.
The troll claws you but does no damage.
You sock the troll!
The troll is severely wounded.
The troll closely misses you. x2; The troll claws you.
You catch the helpless troll completely off-guard!
You hit the troll but do no damage.
The troll is severely wounded.
The troll bites you!
* * * LOW HITPOINT WARNING * * *
You block the troll's attack. The troll barely misses you.
You hit the troll.
The troll is severely wounded.
The troll closely misses you. The troll claws you.
* * * LOW HITPOINT WARNING * * *
The troll claws you.
* * * LOW HITPOINT WARNING * * *
You sock the troll!
The troll is almost dead.
You block the troll's attack. x2; The troll barely misses you.
You hit the troll.
The troll is almost dead.
The troll bites you.
* * * LOW HITPOINT WARNING * * *
The troll claws you!
You die...

#.#.....#................
###.#.##..............#.##.
#...............#......#...
#.......#..#......#..##..#...
...........###......#..###.....
...#..#................ .......
## ##...........###... #.....
..#.........# .. #..###
##.##......@.# . ##...# .
#....#T### ##..... ##.###J..#
###.##... ... #.#.# .........
..... #...# ........# ....
#.#.# ......... ...# #...#
......... #.#.# ......... #...#
......###..


You could see a troll (blind) and a jelly.

Vanquished Creatures
  2 ogres
  2 kobold brigands (D:5)
  A scorpion (D:4)
  A howler monkey (D:5)
  A jelly (D:3)
  An orc priest (D:4)
  A sleepcap (D:6)
  Jessica (D:3)
  Ijyb (D:3)
  An orc wizard (D:5)
  Robin (D:3)
  3 gnolls (D:3)
  5 adders
  A white imp (D:6)
  A worm (D:5)
  A dart slug (D:4)
  11 orcs
  3 endoplasms
  A giant cockroach (D:1)
  9 goblins
  10 hobgoblins
  4 jackals (D:4)
  12 kobolds
  4 quokkas
  A ball python (D:4)
  2 frilled lizards (D:2)
  4 rats
85 creatures vanquished.

Notes
Turn   | Place    | Note
-------+----------+-------------------------------------------
     0 | D:1      | Anriel the Human Fighter began the quest for the Orb.
     0 | D:1      | Reached XP level 1. HP: 18/18 MP: 1/1
   423 | D:1      | Found Sehean's Book Emporium.
   488 | D:1      | Reached XP level 2. HP: 14/24 MP: 2/2
   490 | D:1      | Reached skill level 1 in Dodging
   977 | D:2      | Reached skill level 1 in Throwing
  1000 | D:2      | Reached XP level 3. HP: 29/29 MP: 3/3
  1109 | D:2      | Identified the +6 ring mail "Kah Baud" {rF+}
  1319 | D:3      | Noticed Robin
  1350 | D:3      | Killed Robin
  1351 | D:3      | Reached XP level 4. HP: 27/35 MP: 4/4
  1395 | D:3      | Noticed Ijyb
  1406 | D:3      | Killed Ijyb
  1451 | D:3      | Noticed Jessica
  1461 | D:3      | Killed Jessica
  1462 | D:3      | Reached XP level 5. HP: 30/41 MP: 5/5
  1729 | D:3      | Reached skill level 3 in Maces & Flails
  1938 | D:3      | Reached XP level 6. HP: 28/47 MP: 6/6
  2463 | D:4      | Found a staircase to the Ecumenical Temple.
  2477 | Temple   | Entered the Ecumenical Temple
  2628 | Temple   | Became a worshipper of Warmaster Okawaru
  3045 | D:4      | Reached skill level 1 in Evocations
  3203 | D:4      | Reached skill level 1 in Invocations
  3794 | D:5      | Entered Level 5 of the Dungeon
  3800 | D:5      | Reached XP level 7. HP: 50/52 MP: 8/8
  3967 | D:5      | Reached * piety under Okawaru
  4793 | D:6      | Noticed Maggie
  4827 | D:6      | Reached skill level 4 in Maces & Flails
  4827 | D:6      | Reached XP level 8. HP: 60/60 MP: 10/10
  4861 | D:6      | Noticed a troll
  4877 | D:6      | Slain by a troll

Illustrated notes

Levels and vault maps discovered:
D:1:      spicycebolla_arrival_ecumenical, layout_basic, serial_shops,
          nicolae_shop_pleasant_corner_grove, hangedman_decor_points
D:2:      layout_basic
D:3:      minmay_angry_zag, layout_basic, serial_co_window_serial,
          co_window_paths_b, co_window_paths_a, co_window_paths_b,
          co_window_of_opportunity_a, co_window_paths_a, co_window_corner_cb,
          co_window_corner_b, co_window_unsneaky_path_c, co_window_4corner_b,
          co_window_4corner_a, uniq_ijyb, uniq_jessica, uniq_robin
D:4:      layout_basic, minmay_temple_entry_tees, kennysheep_cross_bottleneck,
          kennysheep_orc_chapel
D:5:      cheibrodos_thug_alley, layout_loops_ring, kennysheep_generic_room_5
D:6:      layout_cave_pools, hangedman_minor_gate_pass, uniq_maggie
Temple:   mainiacjoe_temple_trianglar_array

Skill      XL: |  1  2  3  4  5  6  7 |
---------------+----------------------+-----
Dodging        | 1 2 3 |  3.0
Throwing       | 1 2 3 |  3.0
Maces & Flails | 3 4 |  4.2
Evocations     | 2 3 |  3.2
Invocations    | 2 3 |  3.3
Fighting       | |  3.6
Armour         | |  3.6
Shields        | |  3.0

Action                     |  1- 3 |  4- 6 |  7- 9 || total
---------------------------+-------+-------+-------++-------
  Melee: Flail             |    68 |   118 |   118 ||   304
  Throw: Boomerang         |    16 |    28 |       ||    44
         Javelin           |       |     5 |     4 ||     9
         Throwing net      |       |       |     3 ||     3
  Evoke: Wand              |       |       |     2 ||     2
    Use: Scroll            |     4 |     3 |     2 ||     9
         Potion            |     1 |       |       ||     1
   Stab: Invisible         |       |       |     3 ||     3
         Held in net/web   |       |       |     1 ||     1
 Armour: Chain mail        |    19 |       |       ||    19
         Scale mail        |     1 |       |       ||     1
         Ring mail         |    28 |    54 |    54 ||   136
  Dodge: Dodged            |    32 |    56 |    62 ||   150
  Block: Buckler           |    25 |    22 |    30 ||    77
